 Dungeon Crawl Stone Soup version 0.32-a0-19-g28bc0835a1 (webtiles) character file.

Game seed: 8287807192192661859

532057 yokelz the Slayer (level 25, -18/297 HPs)
             Began as an Oni Berserker on Jan 16, 2024.
             Was a High Priest of Trog.
             Demolished by a caustic shrike (25 damage)
             ... on level 4 of the Depths on Jan 17, 2024.
             The game lasted 03:22:38 (62709 turns).

yokelz the Slayer (Oni Berserker)                  Turns: 62709, Time: 03:22:43

Health: -18/297    AC: 17    Str: 34    XL:     25   Next: 67%
Magic:  23/23      EV: 23    Int:  8    God:    Trog [*****.]
Gold:   4262       SH:  0    Dex: 18    Spells: 24/24 levels left

rFire   + . .        a - +9 giant spiked club of Loluokk {flame, rElec Str+4}
rCold   + + +        (shield currently unavailable)
rNeg    + . .        D - +12 gold dragon scales
rPois   +            k - +2 hat
rElec   +            C - scarf of Hangman {repulsion, rElec rC+}
rCorr   .            (gloves unavailable)
SInv    .            (boots unavailable)
Will    ++...        M - amulet of the acrobat Stlth
                     m - +5 ring of evasion
HPRegen 0.69/turn    p - ring of the Falcon {rN+ EV+5 Dex+4 Stlth+}
MPRegen 0.18/turn

%: repel missiles, acrobat
@: about to teleport, corroded, constricted, studying 2 skills
A: large, unfitting armour, horns 1, tough skin 1, double potion healing,
drunken brawling, cold resistance 1
}: 3/15 runes: decaying, serpentine, silver
a: Renounce Religion, Berserk, Trog's Hand, Brothers in Arms


You were on level 4 of the Depths.
You worshipped Trog.
Trog was extremely pleased with you.
You visited 8 branches of the dungeon, and saw 42 of its levels.
You visited the Abyss 1 time.
You also visited: Sewer.

You collected 6799 gold pieces.
You spent 2537 gold pieces at shops.

Inventory:

Hand Weapons
 a - the +9 giant spiked club of Loluokk (weapon) {flame, rElec Str+4}
   (Trog gifted it to you on level 3 of the Elven Halls)

   Str+4:     It affects your strength (+4).
   rElec:     It insulates you from electricity.
 b - a +9 antimagic giant spiked club
Missiles
 i - 34 curare-tipped darts
 X - 85 large rocks (quivered)
Armour
 k - a +2 hat (worn)
 C - the scarf of Hangman (worn) {repulsion, rElec rC+}
   (You acquired it on level 1 of the Orcish Mines)

   rC+:       It protects you from cold.
   rElec:     It insulates you from electricity.
 D - +12 gold dragon scales (worn)
Jewellery
 m - a +5 ring of evasion (left hand)
 p - the ring of the Falcon (right hand) {rN+ EV+5 Dex+4 Stlth+}
   (You took it off a deep elf pyromancer on level 3 of the Elven Halls)

   [ring of evasion]

   EV+5:      It affects your evasion (+5).
   Dex+4:     It affects your dexterity (+4).
   rN+:       It protects you from negative energy.
   Stlth+:    It makes you more stealthy.
 u - a ring of resist corrosion
 z - a ring of protection from cold
 A - a ring of see invisible
 J - a ring of positive energy
 K - the ring "Lyetiote" {Fly rF++ rC- Will++}
   (You found it on level 3 of the Dungeon)

   [ring of flight]

   rF++:      It greatly protects you from fire.
   rC-:       It makes you vulnerable to cold.
   Will++:    It greatly increases your willpower.
   Fly:       It grants you flight.
 M - an amulet of the acrobat (around neck)
 N - a ring of protection from fire
 O - the amulet of Vitality {RegenMP++ Regen++}
   (You found it on level 3 of the Elven Halls)

   [amulet of magic regeneration]

   RegenMP:   It increases your rate of magic regeneration.
   Regen++:   It increases your rate of health regeneration.
Wands
 s - a wand of flame (61)
 t - a wand of charming (56)
 v - a wand of polymorph (50)
 B - a wand of digging (13)
 F - a wand of mindburst (17)
 Q - a wand of roots (46)
 T - a wand of light (27)
Scrolls
 d - 4 scrolls of torment
 e - 12 scrolls of poison
 f - 5 scrolls of summoning
 h - 11 scrolls of noise
 j - 3 scrolls of vulnerability
 o - 2 scrolls of blinking
 r - 4 scrolls of revelation
 x - 27 scrolls of identify
 y - 6 scrolls of teleportation
 G - 7 scrolls of immolation
 H - 6 scrolls of fog
 U - 2 scrolls of silence
 Y - 7 scrolls of enchant weapon
 Z - 6 scrolls of fear
Potions
 l - 2 potions of resistance
 n - 3 potions of invisibility
 q - 5 potions of haste
 E - 3 potions of enlightenment
 I - 7 potions of might
 L - 4 potions of attraction
 R - 14 potions of curing
 V - 5 potions of heal wounds
 W - 5 potions of cancellation
Miscellaneous
 c - a lightning rod (4/4)
 g - a phial of floods
 w - a condenser vane
 P - a phantom mirror
 S - a box of beasts


   Skills:
 - Level 25.7 Fighting
 - Level 22.0 Maces & Flails
 - Level 9.1 Throwing
 - Level 20.0 Armour
 + Level 22.4 Dodging
 + Level 13.3 Evocations


You had 24 spell levels left.
You didn't know any spells.
Your spell library was empty.

Dungeon Overview and Level Annotations

Branches:
Dungeon (15/15)            Temple (0/1) D:7            Lair (5/5) D:8
  Swamp (4/4) Lair:3        Snake (4/4) Lair:2        Slime (0/5) Lair:5
    Orc (2/2) D:11            Elf (3/3) Orc:2        Vaults (5/5) D:13
  Crypt (0/3) Vaults:2     Depths (4/4) D:15            Zot (0/5) Depths:4
  Sewer (visited)

Altars:
Cheibriados
Dithmenos
Elyvilon
Hepliaklqana
Kikubaaqudgha
Nemelex Xobeh
Ru
Sif Muna
Trog
Vehumet
Xom
Yredelemnul
Zin
The Shining One
Jiyva

Shops:
D:3 (   D:6 [   D:7 *   D:9 *:   D:14 ?   Orc:1 (   Orc:2 **[([=   Snake:1 :
Snake:2 :   Snake:3 (!   Snake:4 ==:=   Vaults:5 [   Depths:2 [   Depths:3 (

Portals:
Hell: Depths:1 Depths:2 Depths:3
Abyss: Depths:2 Depths:3
Pandemonium: Depths:2 Depths:3

Annotations:
D:10 exclusion: ice statue
Snake:3 3 runed translucent doors, MackTheKnife's ghost, adept DsAl
Vaults:4 3 runed translucent doors, exclusion: door, Nitziur's ghost, adept DrCj
Depths:1 exclusions: oklob plant and orange crystal statue
Depths:3 3 runed translucent doors


Innate Abilities, Weirdness & Mutations

You are too large for most types of armour.
You have a pair of small horns on your head.
You have tough skin. (AC +1)
You gain doubled healing and magic from potions.
Whenever you drink a healing potion, you attack all around you.
Your flesh is cold resistant. (rC+)


Message History

You take a swig of the potion and twirl the +9 giant spiked club of Loluokk {flame, rElec Str+4}.
You closely miss the caustic shrike.
The caustic shrike is severely wounded.
You hit the caustic shrike but do no damage.
Your headbutt misses the caustic shrike.
The caustic shrike is severely wounded.
You hit the tentacled monstrosity but do no damage.
You headbutt the tentacled monstrosity.
The tentacled monstrosity is heavily wounded.
You savour every drop.
You feel much better. The caustic shrike claws you!! The acid corrodes you!
You are splashed with acid.
* * * LOW HITPOINT WARNING * * *
The hell hog bites your deep troll.
Your deep troll bites the hell hog.
Your deep troll claws the hell hog!
The hell hog dies!
Trog accepts your kill. The caustic shrike claws you!
* * * LOW HITPOINT WARNING * * *
The acid corrodes you!
You are splashed with acid!
* * * LOW HITPOINT WARNING * * *
The caustic shrike barely misses you.
Your deep troll closely misses the caustic shrike. x2
Your deep troll misses the caustic shrike.
The caustic shrike claws you but does no damage.
The tentacled monstrosity barely misses you.
The tentacled monstrosity closely misses you. x2
The tentacled monstrosity constricts you.
You hit the caustic shrike.
Your headbutt misses the caustic shrike.
The caustic shrike is almost dead.
The caustic shrike claws you!
* * * LOW HITPOINT WARNING * * *
You are splashed with acid!
* * * LOW HITPOINT WARNING * * *
The caustic shrike claws you!
* * * LOW HITPOINT WARNING * * *
You are splashed with acid!
* * * LOW HITPOINT WARNING * * *
The caustic shrike claws you!!
You die...

.=##°..##(..........##...........
.##.°°○.##..8.......#.§.8.8.8.8..
.#°°...○○#..........#............
.'°.°°..°○○......8.§#∩._.........
#..○°...#○.........#.(..........
○°°°##..8...○...# .8.8.8..
.°4##(..........## ........
#°##.§.8...X.....## ......#.
..........^.@d....# ..... #.
....8.....Tbb....# +....#.
..8.......8$....## #...
...........## #### ..........##
##. ........††# #8.
#......#''...... ##.
##...###........ #8. ####
.......[# ##.


You could see a tentacled monstrosity, 2 caustic shrikes, a purple draconian and
a friendly deep troll (summoned, berserk).

Vanquished Creatures
  Frederick (Vaults:3)
  2 ancient liches (Vaults:5)
  A juggernaut (Depths:4)
  Sojobo (Vaults:2)
  Bai Suzhen (Vaults:3)
  the Lernaean hydra (Swamp:4)
  Margery (Depths:2)
  8 caustic shrikes (Depths:4)
  3 golden dragons
  A hellephant (Depths:2)
  7 tentacled monstrosities
  5 liches
  2 quicksilver dragons
  A deep elf master archer (Elf:3)
  A deep elf blademaster (Elf:3)
  2 sphinxes
  2 titans (Vaults:5)
  A tentacled starspawn (Abyss:2)
  A thorn hunter (Swamp:1)
  7 tengu reavers
  Roxanne (Swamp:1)
  6 shadow dragons
  6 storm dragons
  9 fire giants
  6 nagarajas
  9 frost giants
  A balrug (Depths:4)
  A draconian monk (Depths:4)
  6 deep elf sorcerers (Elf:3)
  2 draconian scorchers (Depths:4)
  6 deep elf elementalists (Elf:3)
  2 ghouls (Swamp:2)
  16 vault wardens
  Louise (D:15)
  3 draconian stormcallers (Depths:4)
  2 reapers
  An orc warlord (Elf:1)
  An imperial myrmidon (Elf:2)
  A formless jellyfish (Vaults:4)
  16 very ugly things
  12 stone giants
  17 ironbound preservers
  A green draconian (Depths:4)
  14 ironbound thunderhulks
  3 white draconians (Depths:4)
  3 yellow draconians (Depths:4)
  6 deep elf demonologists
  4 dire elephants (Vaults:4)
  4 eleionomae
  11 deep elf death magi
  5 bunyips
  8 spark wasps
  4 red draconians (Depths:4)
  2 purple draconians (Depths:4)
  2 black draconians (Depths:4)
  3 deep elf annihilators (Elf:3)
  4 war gargoyles
  An eidolon (Abyss:2)
  7 ettins
  A crystal guardian (Vaults:4)
  A green death (Abyss:2)
  2 blizzard demons
  5 deep elf high priests
  19 yaktaur captains
  A rakshasa (D:15)
  Erolcha (D:11)
  An entropy weaver (Vaults:3)
  2 fire dragons
  23 hydras
  37 vault guards
  7 ghost crabs
  13 centaur warriors
  3 peacekeepers
  6 boulder beetles
  5 ice dragons
  7 spriggan air magi
  4 alligators
  A catoblepas (Lair:4)
  8 great orbs of eyes
  9 anacondas
  A hell beast (Depths:2)
  A boulder beetle (shapeshifter) (Vaults:4)
  Erica (Lair:2)
  11 ironbound frosthearts
  28 dancing weapons
  3 ogre magi
  7 tengu warriors
  5 deep troll shamans
  3 orc high priests
  4 deep troll earth magi
  9 naga warriors
  4 two-headed ogres
  The ghost of graki42 the Destroyer, a novice GnCj of Sif Muna (D:9)
  6 spriggan berserkers
  14 naga sharpshooters
  9 shock serpents
  7 hell knights
  20 deep elf knights
  11 spriggans
  Nergalle (D:11)
  A titan skeleton (Depths:2)
  4 occultists
  Sonja (Lair:2)
  3 salamander mystics
  3 soul eaters (Depths:4)
  A sun demon (Depths:4)
  Urug (Lair:4)
  4 skysharks
  A wretched star (Abyss:2)
  2 sixfirhies
  7 skeletal warriors
  9 iron trolls
  A shadow wraith (Depths:4)
  6 goliath frogs
  12 arcanists
  A quicksilver dragon simulacrum (Depths:4)
  3 flayed ghosts
  9 spriggan druids
  4 glowing orange brains
  59 deep trolls
  13 mana vipers
  4 sea snakes (Snake:4)
  5 naga ritualists
  5 lindwurms
  11 orc knights
  8 swamp dragons
  5 deep elf archers
  Pikel (D:5)
  14 bog bodies
  12 necromancers
  A phantasmal warrior (Vaults:5)
  31 deep elf zephyrmancers
  4 harpies
  14 ironbound convokers
  A steelbarb worm (shapeshifter) (Depths:3)
  2 fauns (shapeshifter)
  34 deep elf pyromancers
  57 ugly things
  12 salamanders
  A wolf spider (D:15)
  Maurice (D:7)
  3 orc sorcerers
  3 cyclopes
  4 manticores
  8 will-o-the-wisps
  A salamander (shapeshifter) (D:15)
  A human skeleton (Vaults:1)
  An elephant (shapeshifter) (Vaults:5)
  12 elephants
  17 vault sentinels
  3 guardian serpents (Snake:4)
  5 large abominations
  A stone giant skeleton (Vaults:1)
  A meliai (shapeshifter) (Vaults:5)
  48 black mambas
  6 apocalypse crabs
  17 naga magi
  2 smoke demons
  5 kobold blastminers
  2 gargoyles
  2 centaur zombies (D:15)
  17 cane toads
  2 centaur skeletons (D:15)
  An unseen horror (D:13)
  4 rime drakes
  2 efreet
  A spriggan zombie (Depths:2)
  11 komodo dragons
  4 kobold demonologists
  Psyche (D:10)
  2 ancient zymes (Abyss:2)
  A rime drake (shapeshifter) (Elf:3)
  49 yaktaurs
  2 tengu conjurers
  4 ice devils
  3 freezing wraiths
  A merfolk (shapeshifter) (Vaults:5)
  6 trolls
  2 bloated husks
  10 tyrant leeches
  A troll (shapeshifter) (Elf:3)
  2 polar bears (Lair:4)
  10 hornets
  A blink frog (shapeshifter) (Elf:2)
  8 raiju (Abyss:2)
  2 saltlings (Elf:2)
  22 blink frogs
  A wind drake (shapeshifter) (Vaults:5)
  A glass eye (Depths:3)
  A hornet (shapeshifter) (Vaults:5)
  3 ynoxinuls (Abyss:2)
  30 slime creatures
  A spriggan skeleton (Depths:2)
  An ettin skeleton (Vaults:2)
  2 shadows
  5 wyverns
  5 water elementals
  2 air elementals
  6 wraiths
  3 vampires
  A yak (shapeshifter) (D:14)
  52 yaks
  A fire elemental (Elf:1)
  2 basilisks
  4 wargs
  A neqoxec (Abyss:2)
  14 vampire mosquitoes
  14 swamp worms
  2 elf skeletons
  A death yak simulacrum (D:12)
  42 nagas
  9 water moccasins
  An acid dragon (D:8)
  31 orc warriors
  A glowing shapeshifter skeleton (Vaults:2)
  8 swamp drakes
  An elephant zombie (Lair:4)
  2 sky beasts
  An ice beast (D:7)
  3 small abominations (Abyss:2)
  4 black bears
  14 centaurs
  6 wolves
  3 phantoms
  6 ogres
  14 bullfrogs
  6 kobold brigands
  3 elf zombies (Elf:1)
  3 gnoll sergeants
  An earth elemental (Elf:3)
  4 scorpions
  A two-headed ogre simulacrum (D:12)
  2 cane toad simulacra (D:12)
  18 wights
  11 killer bees
  A troll zombie (D:11)
  5 howler monkeys
  A bombardier beetle (D:3)
  8 electric eels
  5 hounds
  A quasit (Abyss:2)
  16 orc priests
  3 basilisk zombies (Lair:4)
  Jessica (D:2)
  32 orc wizards
  Ijyb (D:4)
  Natasha (twice) (D:3)
  A hell rat (Sewer)
  2 spriggan simulacra
  A troll simulacrum (D:12)
  A boggart skeleton (D:15)
  A polar bear simulacrum (D:12)
  6 ogre zombies
  Robin (D:3)
  11 gnolls
  A naga simulacrum (D:12)
  5 adders
  3 river rats
  A shadow imp (D:6)
  2 white imps
  3 ufetubi
  3 dart slugs
  3 ribbon worms
  89 orcs
  11 endoplasms
  5 giant cockroaches
  2 gnoll zombies (D:11)
  14 goblins
  7 hobgoblins
  5 jackals
  3 quokkas
  11 ball pythons
  4 bats
  2 frilled lizards (D:1)
  2 gnoll skeletons (D:11)
  25 kobolds
  An orc skeleton (D:11)
  14 orc zombies (D:11)
  7 rats
1908 creatures vanquished.

Vanquished Creatures (collateral kills)
  Mara (Snake:3)
  Saint Roka (Snake:3)
  Norris (Vaults:3)
  Jorgrun (Snake:3)
  Zenata (Elf:2)
  Asterion (Vaults:3)
  A nagaraja (Snake:4)
  2 orc warlords
  A bunyip (Swamp:4)
  2 hydras
  An anaconda (Snake:3)
  A naga warrior (Snake:3)
  A hell hog (Depths:4)
  A dancing weapon (Elf:2)
  An orc high priest (Orc:2)
  A shock serpent (Snake:3)
  A sun demon (Depths:4)
  A fire crab (Lair:3)
  A skeletal warrior (D:14)
  A deep troll (Vaults:3)
  A skyshark (Lair:3)
  3 swamp dragons
  A will-o-the-wisp (Swamp:1)
  4 black mambas
  3 elephants (Lair:3)
  2 guardian serpents
  A naga mage (Snake:4)
  2 hornets (Swamp:1)
  4 blink frogs
  A spriggan (Swamp:1)
  A wraith (D:14)
  3 wargs
  Grum (D:10)
  A vampire mosquito (Lair:5)
  4 nagas
  3 swamp worms
  2 water moccasins
  8 orc warriors
  3 wolves (D:10)
  4 centaurs (D:15)
  2 orc priests (Orc:2)
  2 orc wizards
  7 orcs
85 creatures vanquished.

Vanquished Creatures (others)
  A draconian scorcher (Depths:4)
  An angel (D:3)
  A very ugly thing (Depths:1)
  An eleionoma (Swamp:4)
  A naga sharpshooter (Snake:4)
  A spriggan (Swamp:1)
  A quicksilver dragon simulacrum (Depths:4)
  A large abomination (Elf:1)
  A harpy (Vaults:5)
  2 deep elf zephyrmancers (Elf:2)
  A black mamba (Snake:3)
  A yaktaur (Vaults:4)
  2 bloated husks
  A hornet (Swamp:1)
  A water elemental (Depths:1)
  2 ettin simulacra (Depths:4)
  A swamp drake (Swamp:4)
  An orc priest (Elf:2)
  An orc (Elf:2)
  36 foxfires
  2 starspawn tentacles (Abyss:2)
60 creatures vanquished.

Grand Total: 2053 creatures vanquished

Notes
Turn   | Place    | Note
-------+----------+-------------------------------------------
     0 | D:1      | yokelz the Oni Berserker began the quest for the Orb.
     0 | D:1      | Reached XP level 1. HP: 24/24 MP: 1/1
   141 | D:1      | Reached XP level 2. HP: 32/32 MP: 2/2
   414 | D:1      | Found a faded altar of an unknown god.
   778 | D:1      | Reached XP level 3. HP: 33/40 MP: 3/3
  1147 | D:2      | Noticed Jessica
  1155 | D:2      | Killed Jessica
  1156 | D:2      | Reached skill level 5 in Fighting
  1156 | D:2      | Reached XP level 4. HP: 50/50 MP: 4/4
  1328 | D:3      | Reached ** piety under Trog
  1361 | D:3      | Noticed Robin
  1500 | D:3      | Killed Robin
  1571 | D:3      | Killed an angel
  1637 | D:3      | Reached XP level 5. HP: 56/57 MP: 5/5
  1640 | D:3      | Found Qeqeg's Weapon Emporium.
  1700 | D:3      | Identified the ring "Lyetiote" {Fly rF++ rC- Will++}
  1734 | D:3      | Found a glowing silver altar of Zin.
  1751 | D:3      | Found a shimmering altar of Xom.
  1785 | D:3      | Found the +5 robe of Night {Dark Will+ SInv}
  2044 | D:3      | Noticed Natasha
  2055 | D:3      | Killed Natasha
  2104 | D:3      | Found a faded altar of an unknown god.
  2106 | D:3      | Found an ancient bone altar of Kikubaaqudgha.
  2140 | D:3      | Noticed Natasha
  2146 | D:3      | Killed Natasha
  2236 | D:4      | Noticed Ijyb
  2305 | D:4      | Found a sacrificial altar of Ru.
  2330 | D:4      | Noticed a black bear
  2336 | D:4      | Killed a black bear
  2337 | D:4      | Reached skill level 6 in Fighting
  2337 | D:4      | Reached XP level 6. HP: 67/67 MP: 6/6
  2534 | D:4      | Noticed a black bear
  2539 | D:4      | Killed a black bear
  2758 | D:4      | Killed Ijyb
  2805 | D:4      | Found a sparkling altar of Nemelex Xobeh.
  2859 | D:4      | Reached skill level 5 in Maces & Flails
  2859 | D:4      | Reached XP level 7. HP: 75/76 MP: 7/7
  2915 | D:4      | Reached *** piety under Trog
  3091 | D:5      | Entered Level 5 of the Dungeon
  3166 | D:5      | Reached skill level 7 in Fighting
  3269 | D:5      | Reached skill level 5 in Dodging
  3496 | D:5      | Reached XP level 8. HP: 88/88 MP: 8/8
  3681 | D:5      | Noticed Pikel
  3687 | D:5      | Killed Pikel
  3688 | D:5      | Reached skill level 8 in Fighting
  3851 | D:5      | Reached skill level 9 in Fighting
  4102 | D:6      | Found Qiezyasm's Antique Armour Emporium.
  4291 | D:6      | Found a glowing golden altar of the Shining One.
  4367 | D:6      | Identified the +0 leather armour of Hyggau {Str+3 Dex+3
                  | Stlth-}
  4381 | D:6      | Found a glowing drain.
  4411 | Sewer    | Entered a sewer
  4419 | Sewer    | Reached **** piety under Trog
  4465 | Sewer    | Reached XP level 9. HP: 91/98 MP: 9/9
  5115 | D:7      | Identified the +2 dagger of the Boiling Point {flame,
                  | Dex+3}
  5120 | D:7      | Noticed Maurice
  5130 | D:7      | Something stole the ring "Lyetiote" {Fly rF++ rC- Will++}
  5131 | D:7      | Something stole a +0 mace
  5135 | D:7      | Something stole 5 curare-tipped darts
  5582 | D:8      | Found a white marble altar of Elyvilon.
  5761 | D:8      | Reached skill level 10 in Maces & Flails
  5963 | D:8      | Reached XP level 10. HP: 59/107 MP: 10/10
  6594 | D:8      | Reached skill level 10 in Fighting
  6815 | D:8      | Reached skill level 11 in Fighting
  6838 | D:8      | Found a staircase to the Lair.
  7166 | D:7      | Something stole 268 gold
  7356 | D:7      | Killed Maurice
  7398 | D:7      | Reached skill level 12 in Fighting
  7682 | D:7      | Found Elokkaoreu's Island Escapes.
  8026 | D:7      | Found a staircase to the Ecumenical Temple.
  8198 | D:9      | Noticed a centaur warrior
  8198 | D:9      | Found a shimmering blue altar of Sif Muna.
  8210 | D:8      | Reached skill level 13 in Fighting
  8216 | D:9      | Reached XP level 11. HP: 97/127 MP: 11/11
  8524 | D:9      | Killed a centaur warrior
  8749 | D:9      | Reached ***** piety under Trog
  8855 | D:9      | Found a bloodstained altar of Trog.
  8937 | D:9      | Found a runed translucent gate.
  8938 | D:9      | Found a runed translucent gate.
  8939 | D:9      | Found a runed translucent gate.
  8939 | D:9      | Noticed a four-headed hydra
  8939 | D:9      | Noticed graki42's ghost (novice GnCj)
  9377 | D:9      | Found Raicku's General Store.
  9429 | D:9      | Found Heept's Self-Improvement Boutique.
  9609 | D:10     | Entered Level 10 of the Dungeon
  9952 | D:10     | Found a hazy altar of Hepliaklqana.
  9960 | D:10     | Found a radiant altar of Vehumet.
  9962 | D:10     | Found a shadowy altar of Dithmenos.
  9965 | D:10     | Found a basalt altar of Yredelemnul.
  9966 | D:10     | Found a snail-covered altar of Cheibriados.
 10066 | D:10     | Noticed a centaur warrior
 10083 | D:10     | Killed a centaur warrior
 10235 | D:10     | Noticed an arcanist
 10309 | D:10     | Killed an arcanist
 10310 | D:10     | Reached skill level 10 in Dodging
 10310 | D:10     | Noticed Grum
 10318 | D:10     | Killed Grum
 10450 | D:10     | Received a gift from Trog
 10528 | D:10     | Reached XP level 12. HP: 83/136 MP: 4/12
 10691 | D:10     | Noticed Psyche
 10698 | D:10     | Killed Psyche
 11306 | Lair:1   | Entered Level 1 of the Lair of Beasts
 11801 | Lair:1   | Reached skill level 1 in Throwing
 12623 | Lair:2   | Noticed a six-headed hydra
 12630 | Lair:2   | Killed a six-headed hydra
 12631 | Lair:2   | Reached skill level 5 in Throwing
 13082 | Lair:2   | Noticed Sonja
 13276 | Lair:2   | Killed Sonja
 13344 | Lair:2   | Noticed Erica
 13373 | Lair:2   | Killed Erica
 13580 | Lair:2   | Reached XP level 13. HP: 117/144 MP: 4/13
 14044 | Lair:2   | Found a staircase to the Snake Pit.
 14459 | Lair:3   | Found a staircase to the Swamp.
 14628 | Lair:3   | Reached skill level 15 in Maces & Flails
 15655 | Lair:4   | Noticed Urug
 15665 | Lair:4   | Killed Urug
 15943 | Lair:4   | Received a gift from Trog
 15976 | Lair:4   | Identified the +9 quarterstaff "Murmur" {drain, Str+5}
 17056 | Lair:5   | Entered Level 5 of the Lair of Beasts
 17070 | Lair:5   | Found a viscous altar of Jiyva.
 17078 | Lair:5   | Reached XP level 14. HP: 111/153 MP: 4/14
 17080 | Lair:5   | Found a staircase to the Slime Pits.
 18232 | Lair:5   | Reached skill level 1 in Armour
 18479 | Lair:5   | Found the +8 frozen axe "Frostbite" {freeze, freezing
                  | cloud, *Noise Fly rC+}
 18482 | Lair:5   | Identified the staff of Purpose {rPois rN+ rCorr Necro}
 19124 | D:9      | Killed graki42's ghost
 19451 | D:11     | Received a gift from Trog
 19468 | D:11     | Reached skill level 5 in Armour
 19468 | D:11     | Noticed Erolcha
 19487 | D:11     | Killed Erolcha
 19512 | D:11     | Found a staircase to the Orcish Mines.
 19653 | D:11     | Noticed Nergalle
 19659 | D:11     | Killed Nergalle
 20213 | D:12     | You fall into a shaft and drop 2 floors!
 20228 | D:14     | Found Vucrel's Magic Scroll Shoppe.
 20598 | D:13     | Reached XP level 15. HP: 135/161 MP: 5/15
 20688 | D:13     | Found a gate to the Vaults.
 20689 | D:13     | Noticed a storm dragon
 20697 | D:13     | Killed a storm dragon
 21366 | D:13     | Reached skill level 14 in Fighting
 23083 | Orc:1    | Entered Level 1 of the Orcish Mines
 23239 | Orc:1    | Noticed an orc warlord
 23263 | Orc:1    | Killed an orc warlord
 23277 | Orc:1    | You fall into a shaft and drop 1 floor!
 23277 | Orc:2    | Entered Level 2 of the Orcish Mines
 23281 | Orc:2    | Received a gift from Trog
 23289 | Orc:2    | Found Aumuadghe's Alliterative Armaments.
 23384 | Orc:2    | Found a staircase to the Elven Halls.
 23671 | Orc:1    | Found Yninaikh's Antique Weapon Shop.
 23893 | Orc:1    | Identified 4 scrolls of acquirement
 23894 | Orc:1    | Acquired a manual of Dodging
 23896 | Orc:1    | Acquired a manual of Armour
 23898 | Orc:1    | Acquired 854 gold pieces
 23899 | Orc:1    | Acquired the scarf of Hangman {repulsion, rElec rC+}
 23923 | Orc:2    | Found Gieseobe's Assorted Antiques.
 23931 | Orc:2    | Bought a scroll of identify for 62 gold pieces
 23931 | Orc:2    | Bought a potion of might for 124 gold pieces
 23931 | Orc:2    | Bought a fizzy grey potion for 27 gold pieces
 24524 | Orc:2    | Reached skill level 15 in Fighting
 24585 | Orc:2    | Noticed an orc warlord
 24592 | Orc:2    | Killed an orc warlord
 24789 | Orc:2    | Found Toozinir's Antique Weapon Shop.
 24793 | Orc:2    | Found Ulyor's Antique Armour Boutique.
 24798 | Orc:2    | Bought a fine cloak for 256 gold pieces
 24798 | Orc:2    | Identified the +2 cloak "Ewear" {Fly rC- rN+ Slay+3} (You
                  | bought it in a shop on level 2 of the Orcish Mines)
 24858 | Orc:2    | Received a gift from Trog
 24877 | Orc:2    | Reached ****** piety under Trog
 24985 | Orc:2    | Found Sishru Etteuj's Jewellery Emporium.
 25141 | Orc:2    | Found Biroa's Armour Shoppe.
 25438 | Swamp:1  | Entered Level 1 of the Swamp
 25597 | Swamp:1  | Identified the +2 robe of Otekk {Fly}
 26224 | Swamp:1  | Reached skill level 10 in Armour
 26498 | Swamp:1  | Noticed Roxanne
 26520 | Swamp:1  | Killed Roxanne
 26601 | Swamp:1  | Noticed a thorn hunter
 26614 | Swamp:1  | Killed a thorn hunter
 27465 | Swamp:1  | Reached XP level 16. HP: 160/176 MP: 5/16
 27882 | D:14     | Received a gift from Trog
 27901 | D:14     | Identified the +3 robe of Disguise {rC- Str+3 Dex+5 SInv}
 28418 | D:14     | Bought a scroll of enchant armour for 127 gold pieces
 28418 | D:14     | Bought a scroll of identify for 34 gold pieces
 28418 | D:14     | Bought a scroll of teleportation for 51 gold pieces
 28418 | D:14     | Bought a scroll of enchant armour for 127 gold pieces
 28418 | D:14     | Bought a scroll of enchant weapon for 127 gold pieces
 28462 | D:14     | Identified the +0 plate armour of the Dwarven Hall {rElec
                  | rF- MP+9 SInv}
 28641 | D:15     | Entered Level 15 of the Dungeon
 28782 | D:15     | Noticed Louise
 28791 | D:15     | Killed Louise
 29862 | D:15     | Found a staircase to the Depths.
 30164 | Snake:1  | Entered Level 1 of the Snake Pit
 30533 | Snake:1  | You are sucked into a shaft and drop 1 floor!
 30716 | Snake:1  | Found Detual's Book Emporium.
 31184 | Snake:1  | Reached XP level 17. HP: 165/184 MP: 5/17
 31519 | Snake:2  | Found Imovuq's Tremendous Tomes.
 32417 | Snake:2  | Reached skill level 15 in Dodging
 32653 | Snake:3  | Noticed Mara
 32655 | Snake:3  | Noticed yokelz's illusion
 32997 | Snake:4  | Entered Level 4 of the Snake Pit
 33017 | Snake:3  | Noticed Saint Roka
 33033 | Snake:3  | Killed Saint Roka
 33052 | Snake:3  | Reached skill level 16 in Fighting
 33064 | Snake:3  | Found a runed translucent gate.
 33064 | Snake:3  | Found a runed translucent gate.
 33064 | Snake:3  | Found a runed translucent gate.
 33065 | Snake:3  | Noticed MackTheKnife's ghost (adept DsAl)
 33181 | Snake:3  | Found Rodghix's Distillery.
 33181 | Snake:3  | Found Wacyir's Weapon Shoppe.
 33226 | Snake:3  | Bought a potion of heal wounds for 80 gold pieces
 33226 | Snake:3  | Bought a potion of curing for 48 gold pieces
 33226 | Snake:3  | Bought 2 potions of curing for 96 gold pieces
 33226 | Snake:3  | Bought a potion of curing for 48 gold pieces
 33226 | Snake:3  | Bought a potion of haste for 160 gold pieces
 33277 | Snake:3  | Noticed Jorgrun
 33286 | Snake:3  | Killed Jorgrun
 33298 | Snake:3  | Killed Mara
 33342 | Snake:3  | Received a gift from Trog
 33806 | Snake:3  | Upgraded the game from 0.32-a0-18-g89e19f1974 to
                  | 0.32-a0-19-g28bc0835a1
 33819 | Snake:4  | Found Juizimp's Jewellery Shop.
 33841 | Snake:4  | Reached XP level 18. HP: 198/198 MP: 18/18
 34088 | Snake:4  | Bought an amulet of the acrobat for 630 gold pieces
 34792 | Snake:4  | Reached skill level 1 in Evocations
 35170 | Snake:4  | Got a serpentine rune of Zot
 35295 | Snake:4  | Reached skill level 5 in Evocations
 35660 | Snake:4  | Found Quomaig's Jewellery Shoppe.
 35660 | Snake:4  | Found Jeiptiq's Book Boutique.
 35663 | Snake:4  | Found Wienilewk's Jewellery Shoppe.
 36176 | Swamp:2  | Received a gift from Trog
 36427 | Swamp:2  | Found a runed translucent door.
 37778 | Swamp:3  | Noticed a tentacled monstrosity
 37785 | Swamp:3  | Killed a tentacled monstrosity
 37877 | Swamp:3  | Reached XP level 19. HP: 191/206 MP: 19/19
 38115 | Swamp:4  | Entered Level 4 of the Swamp
 38119 | Swamp:4  | Noticed a tentacled monstrosity
 38127 | Swamp:3  | Reached skill level 17 in Fighting
 38147 | Swamp:4  | Killed a tentacled monstrosity
 38286 | Swamp:4  | Reached skill level 18 in Fighting
 38430 | Swamp:4  | Identified the +6 giant spiked club "Giamet" {heavy, rElec}
                  | (Trog gifted it to you on level 4 of the Swamp)
 38430 | Swamp:4  | Received a gift from Trog
 38556 | Swamp:4  | Noticed the 27-headed Lernaean hydra
 38568 | Swamp:4  | Killed the 27-headed Lernaean hydra
 38569 | Swamp:4  | Reached skill level 19 in Fighting
 38879 | Swamp:4  | Got a decaying rune of Zot
 38932 | Swamp:4  | Identified the +7 great sword of Valiance {heavy, rC+ Will+
                  | Dex+3}
 39393 | Elf:1    | Entered Level 1 of the Elven Halls
 39521 | Orc:2    | Reached skill level 20 in Fighting
 39743 | Elf:1    | Received a gift from Trog
 39809 | Elf:1    | Identified the +2 sling "Udomuxeb" {flame, rF+}
 40150 | Elf:1    | Identified the +0 buckler of the Rotten Sunfish {rN+++
                  | Int-2 Dex+5 SInv}
 40879 | Elf:1    | Reached skill level 21 in Fighting
 41195 | Elf:2    | Paralysed by an air elemental for 1 turns
 41264 | Elf:2    | Received a gift from Trog
 41821 | Elf:2    | Reached skill level 22 in Fighting
 42039 | Elf:2    | Reached XP level 20. HP: 228/236 MP: 20/20
 42123 | Elf:2    | Identified the ring of Birdsong {Fly rElec Dex+5}
 42452 | Elf:2    | Received a gift from Trog
 42634 | Elf:2    | Found a runed translucent gate.
 42634 | Elf:2    | Found a runed translucent gate.
 42635 | Elf:2    | Found a runed translucent gate.
 43142 | Elf:2    | Reached skill level 23 in Fighting
 43172 | Elf:2    | Noticed Zenata
 43208 | Elf:2    | Killed Zenata
 44032 | Elf:2    | Identified the +10 giant club of Fiupp {heavy, ^Contam
                  | rN+++ Str+3 SInv} (Trog gifted it to you on level 2 of the
                  | Elven Halls)
 44032 | Elf:2    | Received a gift from Trog
 44415 | Elf:3    | Entered Level 3 of the Elven Halls
 44455 | Elf:3    | Reached skill level 24 in Fighting
 45020 | Elf:3    | Identified the +2 lajatang of Peilyalu {flame, rF+ Str-4
                  | Int+3}
 45077 | Elf:3    | Reached skill level 25 in Fighting
 45356 | Elf:3    | Identified the +9 giant spiked club of Loluokk {flame,
                  | rElec Str+4} (Trog gifted it to you on level 3 of the Elven
                  | Halls)
 45356 | Elf:3    | Received a gift from Trog
 45795 | Elf:3    | Identified the ring of the Falcon {rN+ EV+5 Dex+4 Stlth+}
 45825 | Elf:3    | Identified the +1 falchion "Meal" {vamp, Dex+3}
 45826 | Elf:3    | Found the amulet of Vitality {RegenMP++ Regen++}
 45864 | Elf:3    | Identified the +6 arbalest of the Globe {penet, ^Fragile
                  | rPois Will+ SInv}
 45872 | Elf:3    | Identified the staff "Ashrujuusm" {rC+ SInv Ice}
 45873 | Elf:3    | Identified the +0 pair of boots of Bitterness {Str+3}
 46333 | Vaults:1 | Entered Level 1 of the Vaults
 46497 | Vaults:1 | Reached XP level 21. HP: 260/260 MP: 21/21
 47307 | Vaults:1 | Identified the +7 dire flail "Coil" {flame, ^Fragile rN+
                  | Stlth+} (Trog gifted it to you on level 1 of the Vaults)
 47307 | Vaults:1 | Received a gift from Trog
 48035 | Vaults:2 | Found a staircase to the Crypt.
 48035 | Vaults:2 | Found an ancient bone altar of Kikubaaqudgha.
 48035 | Vaults:2 | Found a basalt altar of Yredelemnul.
 48051 | Vaults:2 | Reached skill level 15 in Armour
 48260 | Vaults:2 | Noticed Sojobo
 48286 | Vaults:2 | Paralysed by an air elemental for 1 turns
 48293 | Vaults:2 | Killed Sojobo
 48699 | Vaults:2 | Received a gift from Trog
 49507 | Vaults:3 | Identified the orb of Cloud Cover {light, Ice}
 49507 | Vaults:3 | Noticed Frederick
 49513 | Vaults:3 | Killed Frederick
 49742 | Vaults:3 | Noticed Bai Suzhen
 49760 | Vaults:3 | Killed Bai Suzhen
 49761 | Vaults:3 | Reached XP level 22. HP: 212/270 MP: 22/22
 50424 | Vaults:3 | Identified the +7 giant club "Agev" {flame, rPois Dex+3}
                  | (Trog gifted it to you on level 3 of the Vaults)
 50424 | Vaults:3 | Received a gift from Trog
 50662 | Vaults:3 | Noticed Norris
 50663 | Vaults:3 | Noticed Asterion
 50671 | Vaults:3 | Killed Norris
 50674 | Vaults:3 | Killed Asterion
 52317 | Vaults:4 | Identified the +6 sling of Keeg {heavy, +Blink rC+ Str-2
                  | Dex+6}
 52324 | Vaults:4 | Identified the +0 dagger of Earthquakes {holy, Str+6 Int+2}
 52451 | Vaults:4 | Identified the +1 cloak of an ossuary {Will+ Dex+3}
 52452 | Vaults:4 | Identified the +5 ring mail of Greed {Will+ Str+2 Int+2}
 52607 | Vaults:4 | Found a runed translucent gate.
 52608 | Vaults:4 | Found a runed translucent gate.
 52608 | Vaults:4 | Found a runed translucent gate.
 52608 | Vaults:4 | Noticed Nitziur's ghost (adept DrCj)
 52610 | Vaults:4 | Found a viscous altar of Jiyva.
 52721 | Vaults:4 | Received a gift from Trog
 52722 | Vaults:4 | Reached XP level 23. HP: 256/279 MP: 23/23
 53189 | D:6      | Bought an embroidered cloak for 225 gold pieces
 53693 | Vaults:5 | Entered Level 5 of the Vaults
 54010 | Vaults:5 | Noticed an ancient lich
 54023 | Vaults:5 | Killed an ancient lich
 54112 | Vaults:5 | Gained mutation: Your flesh is cold resistant. (rC+) [a
                  | shining eye]
 54511 | Vaults:5 | Noticed a golden dragon
 54526 | Vaults:5 | Killed a golden dragon
 54543 | Vaults:5 | Received a gift from Trog
 54704 | Vaults:5 | Got a silver rune of Zot
 54710 | Vaults:5 | Identified the ring of Igho {Wiz rPois Str+2}
 54838 | Abyss:2  | Cast into level 2 of the Abyss (a deep elf demonologist)
 54991 | Abyss:2  | Found a corrupted altar of Lugonu.
 55150 | Abyss:2  | Found a corrupted altar of Lugonu.
 55207 | Vaults:5 | Escaped the Abyss
 55511 | Vaults:5 | Received a gift from Trog
 55762 | Vaults:5 | Noticed an ancient lich
 55763 | Vaults:5 | Noticed a golden dragon
 55772 | Vaults:5 | Killed an ancient lich
 55781 | Vaults:5 | Killed a golden dragon
 55810 | Vaults:5 | Identified the staff "Cookie Cutter" {rC- rCorr Dex+2 Conj
                  | Tloc}
 55901 | Vaults:5 | Identified the staff of Seebeih {rC+ Will+ Str+3 Summ Ice}
 56045 | Vaults:5 | Reached XP level 24. HP: 286/288 MP: 23/23
 56091 | Vaults:5 | Found Xigopleumi's Armour Shoppe.
 56786 | Depths:1 | Entered Level 1 of the Depths
 57110 | D:15     | Identified the +5 giant spiked club "Giantbane" {flame,
                  | rElec} (Trog gifted it to you on level 15 of the Dungeon)
 57110 | D:15     | Received a gift from Trog
 57514 | Depths:1 | You fall into a shaft and drop 1 floor!
 57792 | Depths:2 | Reached skill level 10 in Evocations
 57887 | Depths:2 | Found Bueko's Antique Armour Shoppe.
 57964 | Depths:1 | Received a gift from Trog
 58281 | Depths:1 | Found a gateway to Hell.
 59158 | Depths:2 | Noticed Margery
 59163 | Depths:2 | Killed Margery
 59263 | Depths:2 | Bought a glowing hat for 315 gold pieces
 59509 | Depths:2 | Found a one-way gate leading to the halls of Pandemonium.
 59694 | Depths:2 | Found a one-way gate to the infinite horrors of the Abyss.
 59707 | Depths:2 | Received a gift from Trog
 59707 | Depths:2 | Found the +7 great mace "Undeadhunter" {deathbane, rN+}
 60053 | Depths:3 | Found Quimm's Weapon Boutique.
 60198 | Depths:3 | Found a runed translucent door.
 60323 | Depths:3 | Reached XP level 25. HP: 278/297 MP: 23/23
 60323 | Depths:3 | Found a runed translucent door.
 60325 | Depths:3 | Found a runed translucent door.
 60693 | Depths:3 | Identified the amulet of Lust {Regen+ rCorr}
 60693 | Depths:3 | Identified the +1 ring mail of Limocho {rF- rN+ Dex+3
                  | Slay+6}
 60731 | Depths:4 | Entered Level 4 of the Depths
 60796 | Depths:4 | Noticed a juggernaut
 60809 | Depths:4 | Killed a juggernaut
 60981 | Depths:4 | Received a gift from Trog
 61122 | Depths:4 | Found a sparkling altar of Nemelex Xobeh.
 61880 | Depths:4 | Found a gate to the Realm of Zot.
 62301 | Depths:4 | Found a glowing golden altar of the Shining One.
 62490 | Depths:4 | Identified the +0 kite shield "Duuvafus" {-Cast Will++ SInv
                  | Stlth+}
 62709 | Depths:4 | HP: 7/297 [acid (8)]
 62709 | Depths:4 | Demolished by a caustic shrike

Illustrated notes

Levels and vault maps discovered:
D:1:      dpeg_arrival_boxorama, layout_loops_ring,
          hellmonk_ecumenical_altar_pennies_from_heaven,
          chequers_serial_rivers_micro_c, st_stairs_5, minmay_tromino_i4
D:2:      layout_rooms, uniq_jessica
D:3:      layout_basic, grunt_temple_overflow_order_and_chaos_1,
          nicolae_overflow_ecumenical_swirl, serial_shops, shop,
          glass_columns_b, uniq_robin, uniq_natasha
D:4:      layout_loops_cross, hangedman_ru_absence,
          mainiacjoe_overflow_chevrons, uniq_ijyb
D:5:      layout_loops_cross, uniq_pikel
D:6:      layout_rooms, old_standard_altar, portal_sewer_entry_c, serial_shops,
          nicolae_shop_crystal
D:7:      layout_cave_pools, minmay_temple_entry_nine_rooms,
          nicolae_island_escapes, uniq_maurice
D:8:      layout_basic, mainiacjoe_overflow_24_doors,
          grunt_lair_entry_orc_guard_hut
D:9:      layout_long_grid, mainiacjoe_overflow_catwalk,
          mainiacjoe_overflow_six_doors_small, serial_shops, shop,
          gammafunk_ghost_split, nicolae_shop_self_help
D:10:     layout_loops_corners, minitemple, hangedman_abyss_or_decor_stagger,
          nzn_random_ring, uniq_psyche, uniq_grum
D:11:     layout_loops_ring, zombieorc1_lemuel, grunt_ministairs_9,
          uniq_erolcha, uniq_nergalle
D:12:     layout_stronghold, portal_ice_cave_entry_ice_simulacra,
          serial_library_hellmonk_open_cross
D:13:     layout_loops_corners, hellmonk_vaults_attempted_burglary, st_stairs_4
D:14:     layout_cross, serial_shops, shop, minmay_misc_feat_plants
D:15:     grunt_enter_depths_magical_seal, layout_gridville, uniq_louise
Lair:1:   layout_concentric_octagons, serial_bayou_shore_a
Lair:2:   layout_small_grid, nicolae_snake_entry_squirm, uniq_erica, uniq_sonja
Lair:3:   layout_regular_city, swamp_mist, grunt_forest_stairs_basic,
          minivault_26, minivault_23
Lair:4:   pond_and_an_island_with_a_cottage, layout_cave_pods,
          grunt_megastairs_3, uniq_urug
Lair:5:   minmay_lair_end_frog_pond, layout_hall_layers, slime_entry_1
Swamp:1:  cheibrodos_swamp_tower_of_moss, layout_basic_swamp,
          evilmike_swamp_ruin_rubble_2, uniq_roxanne
Swamp:2:  gammafunk_mikee_crab_dinner, layout_falls_marsh,
          nicolae_swamp_big_swirl, infiniplex_staircase_pool
Swamp:3:  layout_basic_swamp, nicolae_swamp_bean_lake, swamp_pool_1_2
Swamp:4:  grunt_swamp_rune_castle, layout_basic_swamp
Snake:1:  layout_basic, serial_shops, nicolae_shop_peninsula,
          serial_bayou_pond_c, grunt_megastairs_1
Snake:2:  layout_basic, nicolae_snake_gridmaze_zigzag, grunt_ministairs_2,
          nicolae_shop_i_like_big_books
Snake:3:  layout_onion_interference, gammafunk_ghost_necromancy,
          lemuel_fruit_tree, grunt_megastairs_4, serial_bayou_shore_b,
          minmay_shoptagon, uniq_saint_roka, uniq_mara, uniq_jorgrun
Snake:4:  grunt_snake_rune_pools, layout_grid_shapes, serial_shops,
          nicolae_shop_peninsula, special_room, drop_trap, minmay_shop_grove
Orc:1:    layout_diamond_mine, serial_shops, shop,
          nicolae_orc_takin'_care_of_business
Orc:2:    grunt_orc_community_town_hall, layout_diamond_mine,
          grunt_orc_community_big_house_2, grunt_orc_community_big_house_1,
          grunt_orc_community_house_1, grunt_orc_community_house_3,
          grunt_orc_community_house_2, grunt_orc_community_house_3,
          serial_shops, nicolae_shop_overgrown_old_shop,
          monkooky_shop_alliterative
Elf:1:    eino_elf_arrival_sip, layout_loops_corners, minmay_elf_necromancy
Elf:2:    elven_hall_of_blades_hangedman_original
          [nicolae_blade_entry_area_security], layout_gridlike, special_room
          [special_room_orc], portal_desolation_entry_nicolae_nacl, uniq_zenata
Elf:3:    minmay_elf_hall_dome, layout_rooms
Vaults:1: nicolae_vaults_oval_intersection, vaults_mumra_chevron,
          vaults_mumra_hexcomb, v_pattern_5, ontoclasm_vaults_eye,
          layout_vaults_omnigrid
Vaults:2: v_misc_9, hangedman_vaults_river_flow, nicolae_vaults_tangram_2,
          nicolae_vaults_trapezoid_4, minmay_crypt_entry_necro_gods,
          hangedman_vaults_slither, nicolae_vaults_octothorpe,
          vaults_standard_mumra_x, vaults_room_boxed, layout_vaults_big_cross,
          uniq_sojobo
Vaults:3: nicolae_vaults_storage_room_statues, v_misc_22,
          hangedman_vaults_corner, nicolae_vaults_wine_cellar,
          nicolae_vaults_network_s, v_misc_23, nicolae_vaults_two_Ls,
          nicolae_vaults_stairing_the_circle, nicolae_vaults_bisected_slash,
          grunt_vaults_bifocal, nicolae_vaults_house_2, ontoclasm_vaults_twist,
          layout_vaults_omnibox, uniq_asterion, uniq_norris, uniq_frederick,
          uniq_bai_suzhen
Vaults:4: gammafunk_ghost_ooze, grunt_vaults_diagonal,
          vaults_mumra_minichess_inversion, nicolae_vaults_trapezoid_lopsided_2,
          hangedman_vaults_stitches, v_pattern_2, v_alt_pattern_6,
          vaults_dpeg_encased_lava, nicolae_vaults_variable_pillar_hall,
          nicolae_vaults_storing_the_good_stuff, dpeg_vaults_monster_box,
          ontoclasm_vaults_gateway, layout_vaults_chaotic_city
Vaults:5: serial_shops
Depths:1: gold_lair_mu, layout_gridlike, hell_entry, minivault_16,
          kennysheep_underground_church, firewood_loft
Depths:2: kennysheep_spiral_hall, layout_cave_shapes, grunt_metal_band,
          rand_demon_pan_entry_1, abyss_entry, serial_shops,
          nicolae_shop_window_shopping, nicolae_two_hexagons, minmay_liquid_box
Depths:3: minmay_the_grid_four_pointed_star
          [minmay_the_grid_triangle_9x9_fully_insulated_deathbox,
          minmay_the_grid_triangle_9x9_sparse_checkered,
          minmay_the_grid_triangle_9x9_sprig,
          minmay_the_grid_triangle_9x9_windchime,
          minmay_the_grid_prize_shrinking_boxes], layout_twisted_cross,
          enter_ziggurat_d, serial_sigils_hangedman_leer,
          nicolae_abyss_entry_one_way_or_another, hell_entry,
          rand_demon_pan_entry_8, serial_shops, nicolae_shop_gibbet_a_chance,
          lemuel_flamethrower_3
Depths:4: grunt_profane_halls [grunt_zot_portal, grunt_profane_temple_geh,
          grunt_profane_temple_tar, grunt_profane_temple_coc,
          grunt_profane_temple_dis], hell_entry

Skill      XL: |  1  2  3  4  5  6  7  8  9 10 11 12 13 14 15 16 17 18 19 20 21 22 23 24 25 |
---------------+----------------------------------------------------------------------------+-----
Dodging        | 3 4 5 6 10 11 14 15 16 17 18 20 21 22 | 22.4
Fighting       | 5 6 7 9 13 15 16 22 25 | 25.7
Maces & Flails | 4 5 7 11 12 14 17 18 19 20 21 22 | 22.0
Throwing       | 8 9 |  9.1
Armour         | 6 10 13 14 16 17 19 20 | 20.0
Evocations     | 9 11 13 | 13.3

Action                     |  1- 3 |  4- 6 |  7- 9 | 10-12 | 13-15 | 16-18 | 19-21 | 22-24 | 25-27 || total
---------------------------+-------+-------+-------+-------+-------+-------+-------+-------+-------++-------
  Melee: Mace              |    88 |   141 |     7 |       |       |       |       |       |       ||   236
         Headbutt          |     8 |    21 |    54 |   117 |   187 |   235 |   244 |   367 |   110 ||  1343
         Punch             |       |     3 |     3 |     9 |       |       |       |       |       ||    15
         Flail             |       |       |    77 |   373 |       |       |       |       |       ||   450
         Giant club        |       |       |   168 |       |       |   336 |   579 |       |       ||  1083
         Morningstar       |       |       |    66 |    48 |       |       |       |       |       ||   114
         Unarmed           |       |       |     3 |       |       |       |       |       |       ||     3
         Giant spiked club |       |       |       |   186 |   927 |   619 |   458 |  1250 |   330 ||  3770
  Throw: Dart              |       |       |     1 |     6 |       |       |       |       |       ||     7
         Large rock        |       |       |       |     4 |    29 |     2 |    31 |     3 |       ||    69
         Javelin           |       |       |       |       |     2 |       |       |       |       ||     2
 Invoke: Berserk           |     2 |     4 |     3 |     3 |       |       |       |       |       ||    12
         Brothers in Arms  |       |       |       |     1 |     6 |     9 |     7 |     1 |     2 ||    26
         Trog's Hand       |       |       |       |       |     5 |     3 |     9 |    11 |     3 ||    31
  Evoke: Wand              |       |       |       |       |     1 |     5 |       |       |       ||     6
    Use: Scroll            |     1 |       |    11 |     8 |    20 |    11 |     2 |     7 |     4 ||    64
         Potion            |       |       |     3 |     1 |       |     1 |     4 |     3 |    12 ||    24
   Stab: Sleeping          |     2 |       |       |       |       |       |       |       |       ||     2
         Distracted        |       |       |       |       |     1 |       |       |       |       ||     1
         Confused          |       |       |       |       |       |     1 |       |       |       ||     1
 Armour: Animal skin       |    55 |    49 |       |       |       |       |       |       |       ||   104
         Robe              |       |    29 |    73 |       |       |       |       |       |       ||   102
         Gold dragon scale |       |       |   255 |   548 |   808 |   836 |   828 |   675 |   257 ||  4207
         Skin              |       |       |    11 |       |       |       |       |       |       ||    11
  Dodge: Dodged            |    51 |   110 |   278 |   374 |   606 |   930 |   830 |  1285 |   428 ||  4892
         Repelled          |       |       |       |       |     1 |       |       |    15 |    13 ||    29
  Block: Other             |       |       |       |    60 |   194 |    46 |       |       |       ||   300
         Reflection        |       |       |       |     6 |     9 |     5 |       |       |       ||    20

Table legend: (Time is in decaauts)
 A = Elapsed time spent in this place.
 B = Non-inter-level travel time spent in this place.
 C = Inter-level travel time spent in this place.
 D = Time resting spent in this place.
 E = Time spent auto-exploring this place.
 F = Levels seen in this place.
 G = Mean time per level.
                   A        B        C        D        E       F      G
               +--------+--------+--------+--------+--------+-----+--------+
         Total |  61982 |  58373 |   3609 |  18434 |  27107 |  44 | 1408.7 |
       Dungeon |  18867 |  17336 |   1531 |   5235 |   8822 |  15 | 1257.8 |
          Lair |   8472 |   7896 |    576 |   2825 |   3812 |   5 | 1694.4 |
         Swamp |   5322 |   5093 |    229 |   2034 |   1915 |   4 | 1330.5 |
     Snake Pit |   5329 |   5167 |    162 |   1551 |   2036 |   4 | 1332.2 |
  Orcish Mines |   2457 |   2333 |    124 |    705 |    998 |   2 | 1228.5 |
   Elven Halls |   6684 |   6322 |    362 |   2432 |   2430 |   3 | 2228.0 |
        Vaults |   9125 |   8572 |    553 |   2122 |   4560 |   5 | 1825.0 |
        Depths |   5310 |   5240 |     70 |   1527 |   2510 |   4 | 1327.5 |
         Abyss |    335 |    335 |      0 |      0 |      0 |   1 |  335.0 |
         Sewer |     78 |     78 |      0 |      0 |     24 |   1 |   78.0 |
               +--------+--------+--------+--------+--------+-----+--------+

Top non-repeatable levels by time:
     D:8: 2989 daAuts
   Elf:1: 2558 daAuts
   Elf:2: 2425 daAuts
Vaults:5: 2395 daAuts
 Swamp:1: 2057 daAuts
    D:13: 1911 daAuts
Depths:4: 1905 daAuts
Vaults:3: 1889 daAuts
 Snake:4: 1870 daAuts
  Lair:4: 1818 daAuts
  Lair:2: 1811 daAuts
   Orc:2: 1752 daAuts
  Lair:5: 1737 daAuts
    D:15: 1729 daAuts
    D:10: 1708 daAuts
